 Dungeon Crawl Stone Soup version 0.30-a0-782-ge64f9170bb (webtiles) character file.

Game seed: 10399128749311707224

20 tilp the Shield-Bearer (level 3, -2/31 HPs)
             Began as a Meteoran Fighter on Feb 23, 2023.
             Killed by nerve-wracking pain
             ... invoked by Grinder
              (4 damage)
             ... on level 3 of the Dungeon.
             The game lasted 00:01:35 (319 turns).

tilp the Shield-Bearer (Meteoran Fighter)            Turns: 319, Time: 00:01:36

Health: -2/31      AC:  9    Str: 18    XL:     3   Next: 14%
Magic:  4/4        EV:  9    Int:  9    God:
Gold:   30         SH:  5    Dex: 15    Spells: 2/2 levels left

rFire   . . .      SeeInvis .    a - +0 long sword
rCold   . . .      Faith    .    c - +0 buckler
rNeg    . . .      Spirit   .    b - +0 scale mail
rPois   .          Reflect  .    f - +1 helmet
rElec   .          Harm     .    (no cloak)
rCorr   .          Rampage  .    (no gloves)
Will    .....                    (no boots) Stlth
                                 (no amulet)
HPRegen 0.25/turn                (no ring)
MPRegen 0.09/turn                (no ring)

@: mighty, glowing
A: sense surroundings 1, otherworldly, glowing, explore regen
a: no special abilities


You were on level 3 of the Dungeon.
You visited 1 branch of the dungeon, and saw 3 of its levels.

You collected 30 gold pieces.

Inventory:

Hand Weapons
 a - a +0 long sword (weapon)
Missiles
 j - 8 stones (quivered)
Armour
 b - a +0 scale mail (worn)
 c - a +0 buckler (worn)
 f - a +1 helmet (worn)
Jewellery
 h - an amulet of magic regeneration
Potions
 d - a potion of might
 i - a potion of ambrosia {unknown}


   Skills:
 + Level 3.5 Fighting
 * Level 3.2 Long Blades
 + Level 0.4 Throwing
 - Level 3.6 Armour
 + Level 1.1 Dodging
 - Level 3.6 Shields


You had 2 spell levels left.
You didn't know any spells.
Your spell library was empty.

Dungeon Overview and Level Annotations

Branches:
Dungeon (3/15) Zot: 1470

Altars:

Annotations:
D:3 Grinder


Innate Abilities, Weirdness & Mutations

You passively map a small area around you.
You are easily found by Zot.
You glow in the dark.
You regain HP and MP as you explore.


Message History

You kill the bat!
You open the door.
There is an open door here.
A hobgoblin comes into view.
The hobgoblin shouts!
You hit the hobgoblin but do no damage. The hobgoblin misses you.
You hit the hobgoblin.
You kill the hobgoblin!
There is an open door here.
As you open the door, it creaks loudly!
Grinder comes into view.
Grinder shouts!
Grinder gestures at you.
You suddenly lose the ability to move!
Grinder gestures at you. Pain shoots through your body!
Grinder gestures at you. Pain shoots through your body!
You can move again.
Unknown command.
Unknown command.
Unknown command.
You feel very mighty all of a sudden. Grinder gestures at you.
Pain shoots through your body!
* * * LOW HITPOINT WARNING * * *
Unknown command.
You block Grinder's attack.
There is an open door here.
You completely miss Grinder. Grinder hits you.
* * * LOW HITPOINT WARNING * * *
You slash Grinder!
Grinder is moderately wounded.
Grinder hits you!
* * * LOW HITPOINT WARNING * * *
You writhe in agony.
* * * LOW HITPOINT WARNING * * *
Grinder gestures at you. Pain shoots through your body!
You die...

* , #.......#.##
#.#######.# #.#
#.#
***##'#######'##
, #...........#
,,*
#...........#
#...........####
*, *
#..............#
*
##@###....####.#
, ,*#5#
#.##.####.# ,, *
,... #.##.#....#
,...#.#
*#.##.### ,
....#.#
*#.#..§b# #....#
#, #.#.##.# *
#.#... * #. g#
#.#... ,,,#. *.#
#. .#


You could see Grinder.

Vanquished Creatures
  An ufetubus (D:3)
  A dart slug (D:1)
  A bat (D:3)
  2 endoplasms
  A giant cockroach (D:3)
  2 hobgoblins
  3 ball pythons (D:1)
  A rat (D:1)
12 creatures vanquished.

Notes
Turn   | Place    | Note
-------+----------+-------------------------------------------
     0 | D:1      | tilp the Meteoran Fighter began the quest for the Orb.
     0 | D:1      | Reached XP level 1. HP: 19/19 MP: 2/2
    91 | D:1      | Reached XP level 2. HP: 15/26 MP: 3/3
   277 | D:3      | Reached skill level 1 in Dodging
   280 | D:3      | Reached XP level 3. HP: 16/31 MP: 4/4
   313 | D:3      | Noticed Grinder
   313 | D:3      | Paralysed by Grinder for 3 turns
   319 | D:3      | Killed from afar by Grinder

Illustrated notes

Levels and vault maps discovered:
D:1:      lightli_arrival_chessboard, layout_loops_ring, nrook_mini_backslash,
          chequers_serial_rivers_large_b
D:2:      layout_rooms, kennysheep_flooded_box, uniq_robin
D:3:      layout_basic, kennysheep_orc_sif_temple, uniq_grinder

Skill      XL: |  1  2 |
---------------+-------+-----
Long Blades    | 3 |  3.2
Dodging        | 1 |  1.1
Fighting       | |  3.5
Throwing       | |  0.4
Armour         | |  3.6
Shields        | |  3.6

Action                     || total
---------------------------++-------
  Melee: Long sword        ||    31
    Use: Scroll            ||     3
         Potion            ||     1
 Armour: Scale mail        ||    33
  Dodge: Dodged            ||    21
  Block: Buckler           ||    13

Table legend: (Time is in decaauts)
 A = Elapsed time spent in this place.
 B = Non-inter-level travel time spent in this place.
 C = Inter-level travel time spent in this place.
 D = Time resting spent in this place.
 E = Time spent auto-exploring this place.
 F = Levels seen in this place.
 G = Mean time per level.
                   A        B        C        D        E       F      G
               +--------+--------+--------+--------+--------+-----+--------+
         Total |    328 |    308 |     20 |      0 |      0 |   3 |  109.3 |
       Dungeon |    328 |    308 |     20 |      0 |      0 |   3 |  109.3 |
               +--------+--------+--------+--------+--------+-----+--------+

Top non-repeatable levels by time:
     D:1: 183 daAuts
     D:3: 72 daAuts
     D:2: 72 daAuts
